 Dungeon Crawl Stone Soup version 0.28-a0-313-gbc0475efdd (webtiles) character file.

Game seed: 7092604563485491359

725 jdzakarian the Chopper (level 7, -4/61 HPs)
             Began as a Hill Orc Fighter on Aug 31, 2021.
             Was an Initiate of Nemelex Xobeh.
             Slain by a gnoll (10 damage)
             ... on level 4 of the Dungeon on Sept 1, 2021.
             The game lasted 00:22:16 (4140 turns).

jdzakarian the Chopper (Hill Orc Fighter)           Turns: 4140, Time: 00:22:16

Health: -4/61      AC: 12    Str: 19    XL:     7   Next: 72%
Magic:  7/7        EV:  5    Int: 14    God:    Nemelex Xobeh [......]
Gold:   123        SH:  9    Dex: 12    Spells: 6/6 levels left

rFire   . . .      SeeInvis .   a - +0 war axe (vorpal)
rCold   . . .      Faith    .   c - +0 kite shield
rNeg    + . .      Spirit   .   f - +0 chain mail
rPois   .          Reflect  .   b - +1 helmet
rElec   .          Harm     .   (no cloak)
rCorr   .          Rampage  .   (no gloves)
Will    .....                   (no boots)
Stlth   ..........              (no amulet)
HPRegen 0.20/turn               g - +6 ring of intelligence
MPRegen 0.10/turn               n - ring of positive energy

@: no status effects
A: no striking features
a: Renounce Religion, Draw Escape, Draw Destruction, Draw Summoning


You were on level 4 of the Dungeon.
You worshipped Nemelex Xobeh.
Nemelex Xobeh was noncommittal.
You visited 1 branch of the dungeon, and saw 4 of its levels.

You collected 123 gold pieces.

Inventory:

Hand Weapons
 a - a +0 vorpal war axe (weapon)
Missiles
 k - 8 poisoned darts (quivered)
Armour
 b - a +1 helmet (worn)
 c - a +0 kite shield (worn)
 f - a +0 chain mail (worn)
Jewellery
 g - a +6 ring of intelligence (left hand)
 i - a ring of ice
 n - a ring of positive energy (right hand)
Wands
 h - a wand of flame (18)
 j - a wand of paralysis (10)
 m - a wand of charming (12)
Scrolls
 e - 2 scrolls of identify
 l - a scroll of brand weapon
Potions
 d - a potion of might
 p - a potion of curing


   Skills:
 + Level 5.1 Fighting
 + Level 7.4 Axes
 + Level 0.1 Throwing
 + Level 5.4 Armour
 + Level 0.8 Dodging
 + Level 5.0 Shields


You had 6 spell levels left.
You didn't know any spells.
Your spell library contained the following spells:

 Spells                   Type           Power      Damage    Failure   Level
 Beastly Appendage        Tmut           0%         N/A       100%        1
 Summon Small Mammal      Summ           0%         N/A       100%        1
 Wereblood                Tmut           0%         N/A       100%        2
 Call Canine Familiar     Summ           0%         N/A       100%        3
 Frozen Ramparts          Ice            0%         1d2       100%        3
 Gell's Gravitas          Tloc           0%         N/A       100%        3
 Lesser Beckoning         Tloc           0%         N/A       100%        3
 Spider Form              Tmut/Pois      0%         N/A       100%        3
 Summon Guardian Golem    Hex/Summ       0%         N/A       100%        3
 Teleport Other           Tloc           0%         N/A       100%        3
 Ice Form                 Ice/Tmut       0%         N/A       100%        4
 Summon Ice Beast         Ice/Summ       0%         N/A       100%        4


Dungeon Overview and Level Annotations

Branches:
Dungeon (4/15)             Temple (0/1) D:4

Altars:
Nemelex Xobeh
Sif Muna
Vehumet
The Shining One

Shops:
D:2 ([([(


Message History

You barely miss the gnoll. x2; You closely miss the gnoll.
The gnoll hits you with a +0 halberd. The gnoll hits you but does no damage.
The gnoll hits you with a +0 flail. You block the gnoll's attack.
The gnoll barely misses you. The gnoll hits you but does no damage.
You block the gnoll's attack. You block the gnoll's attack.
The gnoll barely misses you. The gnoll hits you with a +0 flail.
The gnoll hits you but does no damage. You block the gnoll's attack.
There is a stone staircase leading down here.
You block the gnoll's attack. The gnoll barely misses you.
The gnoll hits you from afar with a +0 halberd.
You barely miss the gnoll.
The gnoll is heavily wounded.
The gnoll hits you from afar with a +0 halberd!
You closely miss the gnoll.
The gnoll hits you from afar with a +0 halberd.
You block the gnoll's attack. The gnoll hits you but does no damage.
You hit the gnoll.
The gnoll is almost dead.
You closely miss the gnoll. The gnoll barely misses you.
The gnoll hits you but does no damage.
The gnoll hits you from afar with a +0 halberd!
* * * LOW HITPOINT WARNING * * *
Your chain mail prevents you from hitting the gnoll.
The gnoll is severely wounded.
You barely miss the gnoll. The gnoll barely misses you.
You block the gnoll's attack. The gnoll hits you with a +0 club.
* * * LOW HITPOINT WARNING * * *
The gnoll hits you but does no damage.
You hit the gnoll.
The gnoll is lightly wounded.
You hit the gnoll.
You kill the gnoll!
The gnoll hits you from afar with a +0 halberd.
* * * LOW HITPOINT WARNING * * *
The gnoll hits you but does no damage. The gnoll hits you with a +0 club.
* * * LOW HITPOINT WARNING * * *
The gnoll hits you from afar with a +0 halberd!
You die...
Your body disappears without a glow.

#....................##
#............>.......#
#...................#
#.............>....#
###...............## #
##..............#
#######..#..<...g....##
....##).#####..gg....#
......### ####@).###
.....## ##### .......#
#.......# #.........
#.......... ##.#.....##
#####.###


You could see 3 gnolls.

Vanquished Creatures
  Pikel (D:4)
  An orc priest (D:3)
  A hound (D:3)
  A bullfrog skeleton (D:4)
  Robin (D:4)
  A gnoll (D:4)
  5 adders
  A white imp (D:4)
  An ufetubus (D:4)
  2 adder skeletons (D:4)
  A worm (D:4)
  3 dart slugs
  9 orcs (D:3)
  5 bats
  10 endoplasms
  3 giant cockroaches
  7 hobgoblins
  5 jackals (D:1)
  6 quokkas
  2 ball pythons (D:3)
  9 frilled lizards
  15 goblins
  8 kobolds
  7 rats
105 creatures vanquished.

Notes
Turn   | Place    | Note
-------+----------+-------------------------------------------
     0 | D:1      | jdzakarian the Hill Orc Fighter began the quest for the
                  | Orb.
     0 | D:1      | Reached XP level 1. HP: 19/19 MP: 1/1
   213 | D:1      | Reached XP level 2. HP: 20/27 MP: 2/2
   697 | D:1      | Reached skill level 3 in Axes
   768 | D:1      | Reached XP level 3. HP: 32/33 MP: 3/3
  1344 | D:2      | Found Ereoxih's Weapon Shoppe.
  1574 | D:2      | Found Caexian's Armour Boutique.
  1678 | D:2      | Found Waxt's Antique Weapon Boutique.
  1820 | D:2      | Found Loll's Weapon Emporium.
  1848 | D:2      | Reached skill level 4 in Axes
  1848 | D:2      | Reached XP level 4. HP: 40/40 MP: 4/4
  1855 | D:2      | Found Qyiprus's Armour Shoppe.
  2367 | D:3      | Reached XP level 5. HP: 47/47 MP: 5/5
  2370 | D:3      | Found a faded altar of an unknown god.
  2747 | D:3      | Found a sparkling altar of Nemelex Xobeh.
  2754 | D:3      | Became a worshipper of Nemelex Xobeh the Trickster
  3074 | D:3      | Found a radiant altar of Vehumet.
  3078 | D:3      | Found a glowing golden altar of the Shining One.
  3083 | D:3      | Found a shimmering blue altar of Sif Muna.
  3330 | D:4      | Reached skill level 5 in Axes
  3358 | D:4      | Found a staircase to the Ecumenical Temple.
  3398 | D:4      | Noticed a lemure
  3398 | D:4      | Noticed Pikel
  3399 | D:4      | Noticed a lemure
  3399 | D:4      | Noticed a lemure
  3400 | D:4      | Noticed a lemure
  3436 | D:4      | Killed Pikel
  3437 | D:4      | Reached skill level 5 in Fighting
  3437 | D:4      | Reached skill level 7 in Axes
  3437 | D:4      | Reached skill level 5 in Armour
  3437 | D:4      | Reached XP level 6. HP: 17/56 MP: 6/6
  3437 | D:4      | Reached XP level 7. HP: 18/61 MP: 7/7
  3687 | D:4      | Noticed Robin
  3715 | D:4      | Killed Robin
  4010 | D:4      | Reached skill level 5 in Shields
  4140 | D:4      | Slain by a gnoll

Illustrated notes

Levels and vault maps discovered:
D:1:      eino_arrival_tree_alley, layout_basic, minmay_pentomino_z4
D:2:      layout_basic, serial_shops, shop, shop, shop_statue,
          nicolae_shop_waterfront, shop
D:3:      layout_loops_ring, nemelex_dance_club_becter,
          grunt_temple_overflow_diamond, hellmonk_ecumenical_altar_arch_garden,
          grunt_decor_resistance
D:4:      layout_cave_pods, temple_fountains, uniq_robin, uniq_pikel

Skill      XL: |  1  2  3  4  5  6  7 |
---------------+----------------------+-----
Fighting       | 4 5 |  5.1
Axes           | 3 4 7 |  7.4
Armour         | 4 5 |  5.4
Shields        | 4 5 |  5.0
Throwing       | |  0.1
Dodging        | |  0.8

Action                   |  1- 3 |  4- 6 |  7- 9 || total
-------------------------+-------+-------+-------++-------
Melee: War axe           |   100 |   104 |    66 ||   270
Throw: Dart              |       |     2 |       ||     2
  Use: Scroll            |     3 |       |     2 ||     5
       Potion            |     1 |     3 |       ||     4
Armor: Scale mail        |    22 |       |       ||    22
       Chain mail        |    39 |    59 |    60 ||   158
Dodge: Dodged            |    32 |    23 |    27 ||    82
Block: Kite shield       |    45 |    55 |    51 ||   151

Table legend: (Time is in decaauts)
 A = Elapsed time spent in this place.
 B = Non-inter-level travel time spent in this place.
 C = Inter-level travel time spent in this place.
 D = Time resting spent in this place.
 E = Time spent auto-exploring this place.
 F = Levels seen in this place.
 G = Mean time per level.
                   A        B        C        D        E       F      G
               +--------+--------+--------+--------+--------+-----+--------+
         Total |   4269 |   4268 |      1 |    153 |   2827 |   4 | 1067.2 |
       Dungeon |   4269 |   4268 |      1 |    153 |   2827 |   4 | 1067.2 |
               +--------+--------+--------+--------+--------+-----+--------+

Top non-repeatable levels by time:
     D:3: 1319 daAuts
     D:1: 1161 daAuts
     D:2: 927 daAuts
     D:4: 861 daAuts
